 Dungeon Sprint DCSS version 0.31-a0-835-g2a3a5bc3be (webtiles) character file.

Game seed: 6005789081441914756

2202 Conn the Arsonist (level 9, -2/55 HPs)
             Began as an Octopode Fire Elementalist on Sept 26, 2023.
             Was a High Priest of Sif Muna.
             Slain by an unseen horror (4 damage)
             ... in the Dungeon (Sprint VII: "The Pits").
             The game lasted 00:11:50 (1522 turns).

Conn the Arsonist (Octopode Fire Elementalist)      Turns: 1522, Time: 00:11:50

Health: -2/55      AC:  1    Str: 10    XL:     9   Next: 34%
Magic:  2/22       EV: 14    Int: 25    God:    Sif Muna [*****.]
Gold:   0          SH:  0    Dex: 12    Spells: 16/26 levels left

rFire   . . .        o - +2 halberd (protect)
rCold   . . .        (shield currently unavailable)
rNeg    . . .        (helmet restricted)
rPois   .            (no amulet)
rElec   .            d - +3 ring of strength
rCorr   .            f - +3 ring of intelligence
SInv    .            (no ring)
Will    .....        (no ring)
Stlth   ++++         (no ring)
HPRegen 0.29/turn    (no ring)
MPRegen 0.18/turn    (no ring)
                     (no ring)

%: no teleportation
@: no status effects
A: almost no armour, amphibious, 8 rings, camouflage 1, gelatinous body 1,
(nimble swimmer 1), tentacles
a: Renounce Religion, Channel Magic, Forget Spell, Divine Exegesis


You were in the Dungeon.
You worshipped Sif Muna.
Sif Muna was extremely pleased with you.
You visited 1 branch

Inventory:

Hand Weapons
 g - a +2 dagger
 l - a +1 mace of protection
 o - a +2 halberd of protection (weapon)
Jewellery
 d - a +3 ring of strength (left tentacle)
 f - a +3 ring of intelligence (right tentacle)
Scrolls
 i - 2 scrolls of vulnerability
 j - 5 scrolls of amnesia
Potions
 a - 5 potions of magic
 b - 8 potions of curing
 c - 8 potions of heal wounds
 e - 3 potions of berserk rage
 h - a potion of invisibility
 k - a potion of might
 m - a potion of resistance
 n - a potion of mutation


   Skills:
 + Level 2.5 Fighting
 + Level 1.8 Maces & Flails
 + Level 5.1 Dodging
 - Level 6.0 Stealth
 + Level 9.1 Spellcasting
 * Level 9.1 Conjurations
 + Level 3.2 Hexes
 + Level 12.1 Fire Magic
 * Level 8.7 Invocations


You had 16 spell levels left.
You knew the following spells:

 Your Spells              Type           Power      Damage    Failure   Level
a - Foxfire               Conj/Fire      100%       2x1d9     1%          1
b - Scorch                Fire           100%       2d9       1%          2
c - Inner Flame           Hex/Fire       49%        N/A       1%          3
d - Flame Wave            Conj/Fire      59%        2d14      1%          4

Your spell library contained the following spells:

 Spells                   Type           Power      Damage    Failure   Level
 Shock                    Conj/Air       100%       1d9       1%          1
 Volatile Blastmotes      Fire/Tloc      82%        2d16      1%          3
 Hailstorm                Conj/Ice       34%        3d9       2%          3
 Ensorcelled Hibernation  Hex/Ice        38%        N/A       4%          2
 Tukima's Dance           Hex            27%        N/A       4%          3
 Ozocubu's Armour         Ice            11%        N/A       16%         3
 Summon Ice Beast         Ice/Summ       11%        N/A       47%         4
 Fire Storm               Conj/Fire      29%        8d8       100%        9


Dungeon Overview and Level Annotations

Branches:
Dungeon (1/1)

Altars:
Ashenzari
Cheibriados
Dithmenos
Elyvilon
Fedhas
Gozag
Hepliaklqana
Kikubaaqudgha
Makhleb
Nemelex Xobeh
Okawaru
Qazlal
Ru
Sif Muna
Trog
Uskayaw
Vehumet
Wu Jian
Xom
Yredelemnul
Zin
The Shining One
Jiyva
Lugonu


Innate Abilities, Weirdness & Mutations

You cannot wear most types of armour.
You are amphibious.
You can wear up to eight rings at the same time.
Your skin changes colour to match your surroundings (Stealth+).
Your rubbery body absorbs attacks. (AC +1, EV +1)
((You are camouflaged when in or above water. (Stealth+)))
You have tentacles for arms and can constrict up to eight enemies at once.


Message History

Your Conjurations skill increases to level 9!
Your Fire Magic skill increases to level 12!
Unknown command.
Unknown command.
Unknown command.
You pick up Sif Muna's Enchiridion on Frore Imprecation and begin reading...
You add the spells Ensorcelled Hibernation, Hailstorm, Tukima's Dance, Ozocubu's Armour and Summon Ice Beast to your library.
You hear an angry buzzing noise.
Something barely misses you. Something hits you!
Okay, then.
Unknown command.
Unknown command.
Unknown command.
Okay, then.
You miss something. You squeeze something. Something hits you. x2
You aren't carrying any items that you can evoke.
Reach: o) +2 halberd (protect)
Press: ? - help, Dir - move target You reach to attack!
You miss something. Something hits you!
* * * LOW HITPOINT WARNING * * *
You feel much better. Something barely misses you. Something hits you.
Casting: Scorch (safe; 1% risk of failure)
Confirm with . or Enter, or press ? or * to list all spells.
Aiming: Inner Flame (safe; 1% risk of failure)
Press: ? - help, Dir - move target, f - killer bee
Aim: a killer bee (chance to affect: 96%)
The killer bee is filled with an inner flame.
Something hits you but does no damage. The killer bee stings you!
Unknown command.
Casting: Inner Flame (safe; 1% risk of failure)
Confirm with . or Enter, or press ? or * to list all spells.
You conjure some foxfire!
Something hits you!
* * * LOW HITPOINT WARNING * * *
The killer bee misses you. The killer bee stings you.
* * * LOW HITPOINT WARNING * * *
Something hits you!
* * * LOW HITPOINT WARNING * * *
Your foxfire dissipates!
The foxfire hits something.
Something barely misses you. Something hits you.
You die...

###'##................#
))'.##......#..#......#
###.##................+
.....'................+
'#####......#..#......#
.#[[##................#
.#.)#####'#####''######
##))##.......##''#
.#))##.......##.@##
.#..##.......##..y#
##'###...<...###...#
....##.......# ##.....
....##.......# ..###+#
######.......# §##
##..########## ☼.
.#.########### ..
##)#....#..[[###.


You could see a killer bee (inner flame).

Vanquished Creatures
  A demonic crawler (D)
  A sea snake (D)
  A wraith (D)
  A warg (D)
  2 floating eyes (D)
  A black bear (D)
  An ice beast (D)
  A wolf (D)
  An ogre (D)
  A phantom (D)
  A scorpion (D)
  2 killer bees (D)
  An iron imp (D)
  A hell rat (D)
  An adder (D)
  An adder skeleton (D)
  An orc (D)
  An endoplasm (D)
  A giant cockroach (D)
  A hobgoblin (D)
  A ball python (D)
  A frilled lizard (D)
  A quokka skeleton (D)
  3 rats (D)
28 creatures vanquished.

Vanquished Creatures (others)
  42 foxfires (D)
42 creatures vanquished.

Grand Total: 70 creatures vanquished

Notes
Turn   | Place    | Note
-------+----------+-------------------------------------------
     0 | D        | Conn the Octopode Fire Elementalist began the quest for the
                  | Orb.
     0 | D        | Reached XP level 1. HP: 11/11 MP: 3/3
   146 | D        | Found a glowing golden altar of the Shining One.
   146 | D        | Found a glowing silver altar of Zin.
   146 | D        | Found a basalt altar of Yredelemnul.
   146 | D        | Found a shimmering altar of Xom.
   146 | D        | Found an ornate altar of the Wu Jian Council.
   146 | D        | Found a bloodstained altar of Trog.
   146 | D        | Found a shimmering blue altar of Sif Muna.
   146 | D        | Found a sacrificial altar of Ru.
   146 | D        | Found a stormy altar of Qazlal.
   146 | D        | Found an iron altar of Okawaru.
   146 | D        | Found a sparkling altar of Nemelex Xobeh.
   146 | D        | Found a burning altar of Makhleb.
   146 | D        | Found a viscous altar of Jiyva.
   146 | D        | Found a hazy altar of Hepliaklqana.
   146 | D        | Found an opulent altar of Gozag.
   146 | D        | Found a blossoming altar of Fedhas.
   146 | D        | Found a white marble altar of Elyvilon.
   146 | D        | Found a shadowy altar of Dithmenos.
   146 | D        | Found a snail-covered altar of Cheibriados.
   147 | D        | Found a radiant altar of Vehumet.
   147 | D        | Found a corrupted altar of Lugonu.
   148 | D        | Found an ancient bone altar of Kikubaaqudgha.
   148 | D        | Found a hide-covered altar of Uskayaw.
   148 | D        | Found a broken altar of Ashenzari.
   149 | D        | Became a worshipper of Sif Muna the Loreminder
   164 | D        | Noticed a floating eye
   170 | D        | Killed a floating eye
   171 | D        | Reached skill level 5 in Stealth
   171 | D        | Reached skill level 6 in Fire Magic
   171 | D        | Reached XP level 2. HP: 17/17 MP: 2/6
   171 | D        | Reached XP level 3. HP: 21/21 MP: 2/8
   171 | D        | Reached XP level 4. HP: 27/27 MP: 2/9
   174 | D        | Learned a level 2 spell: Scorch
   178 | D        | Learned a level 3 spell: Inner Flame
   183 | D        | Learned a level 4 spell: Flame Wave
   237 | D        | Reached * piety under Sif Muna
   252 | D        | Reached ** piety under Sif Muna
   274 | D        | Noticed a floating eye
   278 | D        | Killed a floating eye
   279 | D        | Reached skill level 5 in Conjurations
   279 | D        | Reached skill level 8 in Fire Magic
   279 | D        | Reached XP level 5. HP: 31/31 MP: 3/11
   287 | D        | Reached XP level 6. HP: 36/36 MP: 4/12
   398 | D        | Noticed a warg
   399 | D        | Noticed a black bear
   406 | D        | Killed a warg
   407 | D        | Reached skill level 5 in Spellcasting
   407 | D        | Reached skill level 9 in Fire Magic
   425 | D        | Killed a black bear
   425 | D        | Reached *** piety under Sif Muna
   426 | D        | Reached skill level 5 in Invocations
   426 | D        | Reached XP level 7. HP: 15/42 MP: 8/15
   444 | D        | Reached skill level 1 in Fighting
   444 | D        | Reached skill level 10 in Fire Magic
   594 | D        | Reached **** piety under Sif Muna
   595 | D        | Reached skill level 5 in Dodging
   717 | D        | Reached ***** piety under Sif Muna
   718 | D        | Reached skill level 1 in Hexes
   719 | D        | Identified Sif Muna's Textbook on Forceful Lava (Sif Muna
                  | gifted it to you in the Dungeon)
   719 | D        | Received a gift from Sif Muna
   720 | D        | Reached XP level 8. HP: 39/50 MP: 1/18
   826 | D        | Noticed a demonic crawler
   827 | D        | Noticed a sea snake
  1015 | D        | Killed a sea snake
  1016 | D        | Reached skill level 1 in Maces & Flails
  1016 | D        | Reached skill level 11 in Fire Magic
  1260 | D        | Killed a demonic crawler
  1261 | D        | Reached XP level 9. HP: 23/55 MP: 8/21
  1515 | D        | Identified Sif Muna's Enchiridion on Frore Imprecation (Sif
                  | Muna gifted it to you in the Dungeon)
  1515 | D        | Received a gift from Sif Muna
  1516 | D        | Reached skill level 12 in Fire Magic
  1521 | D        | HP: 2/55 [something (7)]
  1522 | D        | Slain by an unseen horror

Illustrated notes

Levels and vault maps discovered:
D:        pitsprint [storerooms_1, entrance_room_1, metal_vault_5, armoury_2,
          mini_pit_1, grid_room_1, main_hall_1, silver_pit, the_coven_1,
          the_vestibule_1, steel_vault_2, golden_pit, hallway_of_sentries,
          crystal_vault_4, iron_vault_3, final_vault]

Skill      XL: |  1  2  3  4  5  6  7  8  9 |
---------------+----------------------------+-----
Dodging        | 3 4 5 |  5.1
Stealth        | 5 6 |  6.0
Spellcasting   | 3 4 5 6 8 9 |  9.1
Conjurations   | 3 5 6 7 8 9 |  9.1
Fire Magic     | 6 8 9 10 11 12 | 12.1
Invocations    | 3 5 6 8 |  8.7
Fighting       | 1 2 |  2.5
Hexes          | 1 3 |  3.2
Maces & Flails | 1 |  1.8

Action                     |  1- 3 |  4- 6 |  7- 9 || total
---------------------------+-------+-------+-------++-------
  Melee: Dagger            |     3 |     6 |       ||     9
         Constrict         |     1 |     1 |       ||     2
         Tentacles         |       |     1 |     1 ||     2
         Punch             |       |     1 |       ||     1
         Mace              |       |       |     4 ||     4
         Halberd           |       |       |     2 ||     2
   Cast: Foxfire           |     3 |     5 |    17 ||    25
         Scorch            |       |     5 |    29 ||    34
         Inner Flame       |       |     2 |    14 ||    16
         Flame Wave        |       |     1 |     3 ||     4
 Invoke: Channel Magic     |       |     1 |     1 ||     2
    Use: Potion            |       |     1 |     4 ||     5
         Scroll            |       |       |     2 ||     2
   Stab: Sleeping          |     2 |       |     1 ||     3
 Armour: Skin              |       |    11 |    30 ||    41
  Dodge: Dodged            |       |    13 |    19 ||    32

Table legend: (Time is in decaauts)
 A = Elapsed time spent in this place.
 B = Non-inter-level travel time spent in this place.
 C = Inter-level travel time spent in this place.
 D = Time resting spent in this place.
 E = Time spent auto-exploring this place.
 F = Levels seen in this place.
 G = Mean time per level.
                   A        B        C        D        E       F      G
               +--------+--------+--------+--------+--------+-----+--------+
         Total |   1503 |   1503 |      0 |    915 |     35 |   1 | 1503.0 |
       Dungeon |   1503 |   1503 |      0 |    915 |     35 |   1 | 1503.0 |
               +--------+--------+--------+--------+--------+-----+--------+

Top non-repeatable levels by time:
       D: 1503 daAuts
